 Dungeon Crawl Stone Soup version 0.26.1-11-gd32895ea62 (webtiles) character file.

Game seed: 2230165999183857034

9 ohmysez the Gusty (level 2, -1/19 HPs)
             Began as a Human Air Elementalist on Apr 27, 2021.
             Slain by a worm (8 damage)
             ... on level 1 of the Dungeon.
             The game lasted 00:12:02 (1278 turns).

ohmysez the Gusty (Human Air Elementalist)          Turns: 1278, Time: 00:12:05

Health: -1/19      AC:  2    Str:  8    XL:     2   Next: 20%
Magic:  0/5        EV: 12    Int: 15    God:
Gold:   48         SH:  0    Dex: 13    Spells: 4/5 levels left

rFire    . . .     SeeInvis .   e - +0 club
rCold    . . .     Faith    +   (no shield)
rNeg     . . .     Spirit   .   a - +0 robe
rPois    +         Reflect  .   (no helmet)
rElec    .         Harm     +   l - scarf {harm}
rCorr    .         Rampage  .   (no gloves)
Will     .....                  (no boots)
Stlth    ++........             g - amulet of faith
HPRegen  0.06/turn              d - ring of poison resistance
MPRegen  0.09/turn              (no ring)

@: no status effects
A: no striking features
a: no special abilities


You were on level 1 of the Dungeon.
You visited 1 branch of the dungeon, and saw 2 of its levels.

You collected 48 gold pieces.

Inventory:

Hand Weapons
 c - a +0 hunting sling
 e - a +0 club (weapon)
 f - a +0 whip
Missiles
 k - 43 arrows
Armour
 a - a +0 robe (worn)
 l - a scarf of harm (worn)
Jewellery
 d - a ring of poison resistance (left hand)
 g - an amulet of faith (around neck)
 i - an uncursed ring of teleportation
Scrolls
 b - a scroll of remove curse
Potions
 h - a potion of brilliance
 p - a potion of invisibility {unknown}
 q - a potion of haste {unknown}


   Skills:
 + Level 2.0 Dodging
 + Level 2.0 Stealth
 + Level 2.1 Spellcasting
 + Level 1.0 Conjurations
 + Level 3.4 Air Magic


You had 4 spell levels left.
You knew the following spells:

 Your Spells              Type           Power        Failure   Level
a - Shock                 Conj/Air       32%          9%          1

Your spell library contained the following spells:

 Spells                   Type           Power        Failure   Level
 Swiftness                Air            11%          9%          2
 Static Discharge         Conj/Air       8%           26%         3
 Airstrike                Air            5%           47%         4
 Lightning Bolt           Conj/Air       4%           94%         5


Dungeon Overview and Level Annotations

Branches:
Dungeon (2/15)

Altars:


Message History

The worm is moderately wounded.
Casting: Shock (safe; 9% risk of failure)
Confirm with . or Enter, or press ? or * to list all spells.
You don't have enough magic to cast that spell.
It was a potion of curing.
You feel better. The worm bites you!
You hit the worm.
The worm is heavily wounded.
The worm bites you.
There is a stone staircase leading up here.
You climb upwards.
There is a stone staircase leading down here.
Casting: Shock (safe; 9% risk of failure)
Confirm with . or Enter, or press ? or * to list all spells.
Aiming: Shock (safe; 9% risk of failure)
Press: ? - help, Shift-Dir - straight line, f - worm
Aim: a worm (moderately wounded, 11% to evade)
The zap hits the worm.
The worm is heavily wounded.
The worm bites you!
You die...

#...................#.######..
#.##..##.####.###...#.# ##.
#.##..##.####.# #...#.# #..
#.##..##......###...#.######..
#.##..........................
#.##..##.#########.##.#.####..
#.##..##.# #...§§....#.####..
####..##.# #<..§§§#..........
#..##.####@w.§§§#..#.######
#..##.#..#...§§§#..#.######
#..##.#..######§§.........#
#..##...................#..
#...................##..#..
#..##...................##.
#######..##............#........#
#...........######...#....##.##.#
####.##..##.# #...#..........#


You could see a worm.

Vanquished Creatures
  2 bats (D:1)
  A giant cockroach (D:1)
  A goblin (D:2)
  A hobgoblin (D:1)
  A kobold (D:1)
  A frilled lizard (D:1)
  A rat (D:1)
8 creatures vanquished.

Notes
Turn   | Place    | Note
-------+----------+-------------------------------------------
     0 | D:1      | ohmysez the Human Air Elementalist began the quest for the
                  | Orb.
     0 | D:1      | Reached XP level 1. HP: 13/13 MP: 3/3
   738 | D:1      | Reached XP level 2. HP: 19/19 MP: 3/5
  1278 | D:1      | Slain by a worm

Illustrated notes

Levels and vault maps discovered:
D:1:      dpeg_arrival_fog, layout_basic, serial_curves, eino_curves_02,
          eino_curves_03, eino_curves_01, chequers_serial_rivers_large_b,
          minmay_misc_feat_pillars, corexii_item_surrounded_by_moat,
          amcnicky_mini_corridor_feature
D:2:      layout_basic

Action                   || total
-------------------------++-------
Melee: Club              ||     5
 Cast: Shock             ||    19
  Use: Scroll            ||     4
       Potion            ||     2
Armor: Robe              ||     5
Dodge: Dodged            ||    14
